 Dungeon Crawl Stone Soup version 0.19-a0-1091-g463c9de (webtiles) character file.

130 puppykicker the Gusty (level 5, -8/31 HPs)
             Began as a Halfling Air Elementalist on Aug 7, 2016.
             Killed from afar by an orc wizard (10 damage)
             ... with a magic dart
             ... on level 3 of the Dungeon.
             The game lasted 00:06:55 (3192 turns).

puppykicker the Gusty (Halfling Air Elementalist)   Turns: 3192, Time: 00:06:56

Health: -8/31      AC:  2    Str:  9    XL:     5   Next: 36%
Magic:  6/7        EV: 15    Int: 14    God:
Gold:   157        SH:  0    Dex: 15    Spells: 3 memorised, 1 level left

rFire  . . .     SeeInvis .     b - +1 dagger (elec)
rCold  + . .     Gourm    .     f - +0 robe
rNeg   . . .     Faith    .     (shield restricted)
rPois  .         Spirit   .     (no helmet)
rElec  .         Dismiss  .     (no cloak)
rCorr  .         Reflect  .     (no gloves)
SustAt .         Harm     .     (no boots)
MR     .....                    (no amulet)
Stlth  ++........               (no ring)
                                m - ring of protection from cold

@:
A: mutation resistance 1
a: no special abilities


You were on level 3 of the Dungeon.
You were not hungry.

You visited 1 branch of the dungeon, and saw 3 of its levels.

You collected 157 gold pieces.


Innate Abilities, Weirdness & Mutations

You are small and have problems with some larger weapons.
You are somewhat resistant to further mutation.


   Skills:
 - Level 2.1 Dodging
 - Level 2.1 Stealth
 + Level 1.9 Spellcasting
 + Level 1.7 Conjurations
 + Level 1.3 Charms
 * Level 5.2 Air Magic


You had one spell level left.
You knew the following spells:

 Your Spells              Type           Power        Failure   Level  Hunger
a - Shock                 Conj/Air       ##..         10%         1    ##.....
b - Static Discharge      Conj/Air       ##......     21%         3    ####...
l - Repel Missiles        Chrm/Air       ##....       12%         2    ###....

Inventory:

Hand Weapons
 a - a +0 short sword
 b - a +1 dagger of electrocution (weapon)
 c - a +0 blowgun
Missiles
 o - 17 poisoned needles
Armour
 f - a +0 robe (worn)
Jewellery
 m - a ring of protection from cold (left hand)
Scrolls
 d - 2 scrolls of identify {unknown}
 h - a scroll of fog {unknown}
 j - a scroll of recharging {unknown}
 k - 2 scrolls of remove curse {unknown}
 l - a scroll of fear {unknown}
Potions
 e - 2 potions of flight
Books
 p - a book of Air
Comestibles
 g - 2 slices of pizza
 n - 4 bread rations

Dungeon Overview and Level Annotations

Branches:
Dungeon (3/15)

Altars:
Elyvilon
Nemelex Xobeh
Qazlal
Ru
Sif Muna

##.## ##.## #.# #.## #.#
#.## ##'## ##... ##...##
#.... # ##.....## #.###
##. ##.......## #.#.#
##...####.........###....
#...ooo.@.........'......
##...####.........###....
##. ##.......## #.#.# ..
##>....## #.... ..
##...## ##### .. ## ##'##
# . . #.### # #.
#...########
###.##.........(.


You could see an orc priest, an orc wizard and an orc.


Message History

The orc wizard completely misses you.
You hit the orc wizard.
The orc wizard is moderately wounded.
The orc wizard hits you with a dagger.
You miss the orc wizard.
The orc wizard is moderately wounded.
The orc wizard gestures at you while chanting.
The magic dart hits you!
* * * LOW HITPOINT WARNING * * *
Unknown command.
You hit the orc wizard but do no damage.
The orc wizard is moderately wounded.
The orc wizard hits you with a dagger.
* * * LOW HITPOINT WARNING * * *
The orc priest calls down the wrath of Beogh upon you.
Beogh smites you!
* * * LOW HITPOINT WARNING * * *
Okay, then.
Aiming: Shock
Aim: an orc priest, wielding a hand axe (moderately wounded)
The zap hits the orc wizard.
The orc wizard is heavily wounded.
The zap hits the orc.
The orc is severely wounded.
The zap hits the orc priest.
The orc priest is heavily wounded.
The orc wizard closely misses you. The orc wizard casts a spell at you.
The magic dart hits you!
You die...

Action                   |  1- 3 |  4- 6 || total
-------------------------+-------+-------++-------
Melee: Unarmed           |     5 |       ||     5
       Short sword       |    45 |    47 ||    92
       Dagger            |       |    25 ||    25
 Cast: Shock             |    23 |    34 ||    57
       Repel Missiles    |     1 |       ||     1
       Static Discharge  |       |     2 ||     2
  Use: Potion            |       |     3 ||     3
 Stab: Sleeping          |     1 |     3 ||     4
       Distracted        |     1 |       ||     1
  Eat: Chunk             |     2 |     3 ||     5
       Meat ration       |       |     1 ||     1
Armor: Robe              |    14 |    10 ||    24
Dodge: Dodged            |    53 |    70 ||   123
       Deflected         |       |     2 ||     2

Vault maps used:
D:1:      wheals_arrival_linesprint
D:2:      nemelex_altar_shiori, nicolae_overflow_hidden_temple, first_bread
D:3:      marbit_many_paths, makhleb_blood_cavern_becter

Notes
Turn   | Place    | Note
-------+----------+-------------------------------------------
     0 | D:1      | puppykicker the Halfling Air Elementalist began the quest for the Orb.
     0 | D:1      | Reached XP level 1. HP: 11/11 MP: 3/3
   386 | D:1      | Reached skill level 1 in Conjurations
   386 | D:1      | Reached XP level 2. HP: 5/17 MP: 1/4
   450 | D:1      | Learned a level 2 spell: Repel Missiles
   682 | D:1      | Reached skill level 4 in Air Magic
   882 | D:1      | Reached XP level 3. HP: 15/21 MP: 5/5
  1260 | D:1      | Reached XP level 4. HP: 27/27 MP: 2/6
  1471 | D:2      | Learned a level 3 spell: Static Discharge
  1502 | D:2      | Found a sparkling altar of Nemelex Xobeh.
  1893 | D:2      | Found a white marble altar of Elyvilon.
  1896 | D:2      | Found a deep blue altar of Sif Muna.
  1897 | D:2      | Found a sacrificial altar of Ru.
  2217 | D:3      | Reached skill level 5 in Air Magic
  2219 | D:3      | Reached skill level 1 in Charms
  2219 | D:3      | Reached XP level 5. HP: 10/31 MP: 0/7
  2628 | D:3      | Found a stormy altar of Qazlal.
  3189 | D:3      | HP: 2/31 [orc priest/divine providence (12)]
  3192 | D:3      | Killed from afar by an orc wizard

Vanquished Creatures
  2 gnolls (D:1)
  2 adders
  2 oozes
  3 worms
  A dart slug (D:2)
  4 giant geckos
  6 orcs (D:3)
  2 giant cockroaches (D:1)
  7 goblins
  8 hobgoblins
  2 jackals (D:1)
  8 kobolds
  A ball python (D:1)
  7 bats
  4 giant newts
  6 rats
65 creatures vanquished.
